AoeStats
← JMA

Arabia

510162276Analyzed
2v2 RM · 20h ago on Sep 29, 2026· 31m 29s· 4 players
Game mode
Random Map
Map size
Medium (4 player)
Population
200
Speed
Normal
Resources
Standard
Victory
Conquest
Starting age
Dark Age
Ending age
Imperial Age
RankedLock teamsTeams togetherTeam positionsShared explorationLock speedFull tech treeHidden civsTurbo modeCheats
Victory
Defeat
🇦🇷 Bulgarians · Argentina
823
+15
🇦🇷 Byzantines · Argentina
813
+16
🇫🇷 Franks · France
814
-32
🇫🇷 Mongols · France
795
-26
Edwin Til Illan
3:04 Loom
9:55 Feudal Age
12:49 Wheelbarrow
12:13 Double-Bit Axe
19:24 Castle Age
22:56 Horse Collar
Burakkuraion
11:09 Feudal Age
16:21 Castle Age
16:14 Double-Bit Axe
17:01 Scale Barding Armor
18:45 Pikeman
21:41 Loom
30:07 Husbandry
31:42 Wheelbarrow
TATALONGO II
3:41 Loom
12:02 Feudal Age
12:43 Double-Bit Axe
14:23 Scale Mail Armor
14:55 Forging
15:07 Arson
22:57 Fletching
26:08 Padded Archer Armor
26:10 Horse Collar
30:09 Castle Age
JMA
7:12 Loom
11:08 Feudal Age
12:11 Double-Bit Axe
14:59 Gold Mining
20:16 Horse Collar
22:48 Castle Age
22:27 Stone Mining
23:55 Heavy Plow
24:11 Bow Saw
28:48 Fletching
28:59 Padded Archer Armor
28:23 Pikeman
32:05 Imperial Age
Connection lost

Rejoining the realm…

Still unreachable

The connection could not be restored.

Session expired

The server has moved on; the page needs a fresh start.